 Dungeon Crawl Stone Soup version 0.26.1-2-gb8aa6d0cf2 (webtiles) character file.

Game seed: 1870316127232637530

390377 MalarOregon the Slingshot (level 24, -10/166 HPs)
             Began as a Halfling Hunter on Mar 28, 2021.
             Was a High Priest of Okawaru (penitent).
             Mangled by a phantasmal warrior (26 damage)
             ... on level 5 of the Vaults.
             The game lasted 03:05:07 (69953 turns).

MalarOregon the Slingshot (Halfling Hunter)        Turns: 69953, Time: 03:05:08

Health: -10/166    AC: 28    Str: 23    XL:     24   Next: 17%
Magic:  13/29      EV: 24    Int: 10    God:    Okawaru [*]
Gold:   1768       SH: 25    Dex: 18    Spells: 7/23 levels left

rFire    + + .     SeeInvis .   a - +3 fustibalus (flame)
rCold    . . .     Faith    .   K - +4 kite shield {AC+3}
rNeg     . . .     Spirit   .   J - +0 fire dragon scales
rPois    .         Reflect  +   C - +1 hat {Will+}
rElec    .         Harm     .   y - +2 cloak
rCorr    .         Rampage  .   T - +2 pair of gloves {Str+3}
Will     +++..                  l - +2 pair of boots {run}
Stlth    ..........             B - amulet of reflection
HPRegen  0.37/turn              o - ring of protection from cold
MPRegen  0.21/turn              V - ring of willpower

@: about to teleport, quick
A: small, mutation resistance 1
}: 2/15 runes: decaying, serpentine
a: Renounce Religion


You were on level 5 of the Vaults.
You worshipped Okawaru.
Okawaru was demanding penance.
You visited 7 branches of the dungeon, and saw 37 of its levels.
You visited the Abyss 1 time.
You visited 1 bazaar.
You also visited: Trove and Bailey.

You collected 4622 gold pieces.
You spent 2854 gold pieces at shops.

Inventory:

Hand Weapons
 a - a +3 fustibalus of flaming (weapon)
   (You acquired it on level 13 of the Dungeon)
Missiles
 q - 483 stones
 F - 5 throwing nets {!f}
 O - 73 sling bullets (quivered ammo)
Armour
 l - a +2 pair of boots of running (worn)
   (You acquired it on level 4 of the Snake Pit)
 y - a +2 cloak (worn)
   (You found it on level 5 of the Dungeon)
 C - a +1 hat of willpower (worn)
   (Okawaru gifted it to you on level 4 of the Swamp)
 J - +0 fire dragon scales (worn)
   (You found it on level 2 of the Vaults)
 K - a +4 kite shield of protection (worn)
   (You took it off a tengu warrior on level 14 of the Dungeon)
 T - a +2 pair of gloves of strength (worn)
   (Okawaru gifted it to you on level 2 of the Lair of Beasts)
Jewellery
 g - the ring "Vetolij" {Fire +Blink Will+}
   (You acquired it on level 1 of the Vaults)

   [ring of fire]

   It enhances your fire magic.
   It protects you from fire.
   It makes you vulnerable to cold.
   It affects your willpower, your defense against some magical effects.
   It lets you blink.
 o - a ring of protection from cold (left hand)
   (You found it on level 8 of the Dungeon)
 w - an uncursed ring of resist corrosion
   (You took it off a spriggan on level 1 of the Swamp)
 B - an amulet of reflection (around neck)
   (You found it on level 8 of the Dungeon)
 G - an uncursed ring of flight
   (You found it on level 8 of the Dungeon)
 L - an uncursed ring of poison resistance
   (You bought it in a shop on level 6 of the Dungeon)
 S - an uncursed ring of protection from cold
   (You found it on level 2 of the Snake Pit)
 V - a ring of willpower (right hand)
   (You found it on level 15 of the Dungeon)
 Y - an uncursed ring of positive energy
   (You found it on level 3 of the Lair of Beasts)
Wands
 c - a wand of disintegration (8)
   (You found it on level 13 of the Dungeon)
 d - a wand of iceblast (51)
   (You found it on level 9 of the Dungeon)
 u - a wand of paralysis (10)
   (You took it off an ironbrand convoker on level 4 of the Vaults)
 v - a wand of digging (4)
   (You found it on level 3 of the Dungeon)
 x - a wand of acid (48)
   (You took it off Urug on level 2 of the Lair of Beasts)
 P - a wand of enslavement (23)
   (You bought it in a shop in a bazaar)
 Z - a wand of polymorph (11)
   (You found it on level 6 of the Lair of Beasts)
Scrolls
 f - 12 scrolls of identify {@r1}
 i - 21 scrolls of teleportation {@r4}
 n - 5 scrolls of amnesia
 s - 18 scrolls of remove curse {@r2}
 z - 3 scrolls of magic mapping
 D - 12 scrolls of fog
 I - 3 scrolls of blinking
 M - 6 scrolls of fear
 N - a scroll of summoning
 Q - 5 scrolls of immolation {!r}
 R - 3 scrolls of holy word
 U - 4 scrolls of vulnerability {!r}
 W - 2 scrolls of brand weapon
Potions
 e - 5 potions of brilliance
 h - 4 potions of mutation {!q}
 j - 4 potions of might
 k - 6 potions of curing {@q1}
 p - 3 potions of lignification {!q}
 r - a potion of haste {@q3}
 t - a potion of invisibility
 A - 4 potions of magic
 E - a potion of ambrosia
 H - 2 potions of resistance
Miscellaneous
 b - a phantom mirror (inert)
   (You found it on level 6 of the Lair of Beasts)
 m - a box of beasts (inert)
   (You found it on level 3 of the Snake Pit)


   Skills:
 + Level 14.0 Fighting
 + Level 21.2 Slings
 + Level 15.3 Armour
 + Level 15.4 Dodging
 - Level 1.1 Stealth
 + Level 16.3 Shields
 - Level 6.0 Conjurations
 + Level 8.3 Summonings
 + Level 10.8 Translocations
 - Level 7.0 Air Magic
 - Level 7.0 Poison Magic
 - Level 8.0 Invocations
 + Level 12.9 Evocations


You had 7 spell levels left.
You knew the following spells:

 Your Spells              Type           Power        Failure   Level
a - Summon Forest         Summ/Tloc      9%           56%         5
b - Blink                 Tloc           N/A          2%          2
f - Mephitic Cloud        Conj/Pois/Air  13%          26%         3
x - Call Imp              Summ           16%          6%          2
z - Summon Lightning Spi  Summ/Air       15%          47%         4

Your spell library contained the following spells:

 Spells                   Type           Power        Failure   Level
 Apportation              Tloc           42%          1%          1
 Summon Small Mammal      Summ           64%          4%          1
 Gell's Gravitas          Tloc           10%          4%          3
 Shock                    Conj/Air       52%          9%          1
 Magic Dart               Conj           48%          11%         1
 Swiftness                Air            14%          11%         2
 Call Canine Familiar     Summ           16%          12%         3
 Static Discharge         Conj/Air       13%          26%         3
 Iskenderun's Mystic Bla  Conj/Tloc      16%          36%         4
 Corpse Rot               Necr/Air       N/A          41%         2
 Summon Guardian Golem    Hex/Summ       8%           56%         3
 Spider Form              Tmut/Pois      3%           65%         3
 Conjure Flame            Conj/Fire      6%           73%         3
 Stone Arrow              Conj/Erth      12%          73%         3
 Summon Demon             Summ           8%           75%         5
 Animate Skeleton         Necr           0%           77%         1
 Beastly Appendage        Tmut           0%           77%         1
 Corona                   Hex            0%           77%         1
 Freeze                   Ice            0%           77%         1
 Pain                     Necr           0%           77%         1
 Sandblast                Erth           0%           77%         1
 Ignite Poison            Fire/Tmut/Pois 4%           83%         3
 Passwall                 Tmut/Erth      0%           88%         2
 Slow                     Hex            0%           88%         2
 Sublimation of Blood     Necr           0%           88%         2
 Wereblood                Tmut           0%           88%         2
 Summon Ice Beast         Ice/Summ       8%           92%         4
 Lightning Bolt           Conj/Air       6%           94%         5
 Iskenderun's Battlesphe  Conj           12%          96%         5
 Confusing Touch          Hex            0%           98%         3
 Inner Flame              Hex/Fire       0%           98%         3
 Ozocubu's Armour         Ice            0%           98%         3
 Vampiric Draining        Necr           0%           98%         3
 Hailstorm                Conj/Ice       6%           98%         4
 Sticky Flame             Conj/Fire      6%           98%         4
 Shadow Creatures         Summ           N/A          99%         6
 Animate Dead             Necr           0%           100%        4
 Cause Fear               Hex            0%           100%        4
 Dispel Undead            Necr           0%           100%        4
 Ice Form                 Ice/Tmut       0%           100%        4
 Petrify                  Tmut/Erth      0%           100%        4
 Agony                    Necr           0%           100%        5
 Alistair's Intoxication  Tmut/Pois      4%           100%        5
 Blade Hands              Tmut           0%           100%        5
 Excruciating Wounds      Necr           0%           100%        5
 Fireball                 Conj/Fire      3%           100%        5
 Irradiate                Conj/Tmut      3%           100%        5
 Lee's Rapid Deconstruct  Erth           0%           100%        5
 Metabolic Englaciation   Hex/Ice        0%           100%        5
 Silence                  Hex/Air        3%           100%        5
 Yara's Violent Unravell  Hex/Tmut       0%           100%        5
 Conjure Ball Lightning   Conj/Air       6%           100%        6
 Freezing Cloud           Conj/Ice/Air   4%           100%        6
 Hydra Form               Tmut           0%           100%        6
 Ozocubu's Refrigeration  Ice            0%           100%        6
 Simulacrum               Ice/Necr       0%           100%        6
 Statue Form              Tmut/Erth      0%           100%        6
 Dragon Form              Tmut           0%           100%        7
 Malign Gateway           Summ/Tloc      9%           100%        7
 Monstrous Menagerie      Summ           8%           100%        7
 Summon Greater Demon     Summ           8%           100%        7
 Discord                  Hex            0%           100%        8
 Summon Horrible Things   Summ           8%           100%        8


Dungeon Overview and Level Annotations

Branches:
Dungeon (15/15)            Temple (1/1) D:5            Lair (6/6) D:8
  Swamp (4/4) Lair:2        Snake (4/4) Lair:4        Slime (0/5) Lair:5
    Orc (2/2) D:12            Elf (0/3) Orc:2        Vaults (5/5) D:14
  Crypt (0/3) Vaults:2     Depths (0/5) D:15         Bailey (visited)

Altars:
Ashenzari
Cheibriados
Dithmenos
Elyvilon
Fedhas
Gozag
Hepliaklqana
Kikubaaqudgha
Makhleb
Nemelex Xobeh
Okawaru
Qazlal
Ru
Sif Muna
Trog
Uskayaw
Vehumet
Wu Jian
Xom
Yredelemnul
Zin
The Shining One
Jiyva

Shops:
D:6 ??=[!   Orc:1 !   Orc:2 ?(*}   Snake:2 !   Vaults:1 :   Vaults:4 [

Portals:
Pandemonium: Orc:2

Annotations:
Snake:2 Devs pls
Vaults:5 Xtahua


Innate Abilities, Weirdness & Mutations

You are small and have problems with some larger weapons.
You are somewhat resistant to further mutation.


Message History

* * * LOW HITPOINT WARNING * * *
The redback bites your yaktaur. The goliath frog completely misses you.
You hear a shout! x2
Aim: a titan (blue smoke, moderately wounded, covered in acid, 2% to evade)
The bolt of acid hits the titan!!
The titan is splashed with acid.
The titan seems to be corroded for longer.
The bolt of acid hits the goliath frog!!
The goliath frog is splashed with acid.
You kill the goliath frog!
Okawaru accepts your kill.
The goliath frog's shape twists and changes as it dies.
You hear a shout!
Your fire giant stops burning.
The redback changes into a tarantella!
The yaktaur captain hits you!!
* * * LOW HITPOINT WARNING * * *
The tengu reaver hits you but does no damage.
The tengu reaver hits your yaktaur with a +2 battleaxe.
The tengu reaver hits your fire giant with a +2 battleaxe!
You block the tengu reaver's attack. x2; The titan hits you!!
* * * LOW HITPOINT WARNING * * *
The deep elf mage barely misses your yaktaur.
Unknown command.
You feel much better.
Your fire giant dissolves into shadows!
The yaktaur captain hits you but does no damage.
The vault warden closely misses you. The tarantella bites your yaktaur!
Your yaktaur dies!
Your yaktaur's corpse dissolves into shadows!
The titan hits you but does no damage.
The tengu reaver hits you with a +2 battleaxe!
* * * LOW HITPOINT WARNING * * *
You block the tengu reaver's attack. The tengu reaver completely misses you.
The deep elf mage gestures wildly while chanting.
The deep elf mage blinks!
As you read the scroll of teleportation {@r4}, it crumbles to dust.
You feel strangely unstable.
The yaktaur captain hits you but does no damage.
A phantasmal warrior comes into view.
The vault warden hits you from afar with a +3 glaive of venom!!
* * * LOW HITPOINT WARNING * * *
The titan misses you. You block the tarantella's attack.
A vault warden comes into view.
It is wielding a +0 long sword of holy wrath.
The vault warden shouts!
Okay, then.
Unknown command.
Blink to where?
As you read the scroll of blinking, it crumbles to dust.
The tarantella changes into a death drake!
The phantasmal warrior hits you!!
You die...

#(.#..#
#p.#..#
#§p# )#
#9p# .#
#Cc#
#§§#
#.k#
#§Q#
#W@#
#.§#
#...
.....
.e.####
....
#....
#####


You could see a tengu reaver, a death drake shaped shifter, a phantasmal warrior
and a deep elf mage.

Vanquished Creatures
  Nikola (Vaults:3)
  Rupert (D:13)
  The ghost of funkygono the Warrior, an adept MiGl of Makhleb (Snake:4)
  An ancient champion (Vaults:2)
  The ghost of vinnietd the Tortoise, an adept HaFi of Trog (Snake:4)
  Frances (Swamp:2)
  2 thorn hunters (Swamp:4)
  A shadow dragon (Vaults:4)
  3 fenstrider witches (Swamp:4)
  Roxanne (Snake:1)
  Kirke (Lair:4)
  A tengu reaver (Vaults:4)
  9 nagarajas
  2 fire giants
  The ghost of Sassenached the Warrior, a journeyman DsWn of Gozag (Orc:2)
  A frost giant (Vaults:1)
  10 vault wardens
  An orc warlord (Bailey)
  The ghost of Ciageutz the Thaumaturge, a journeyman GnWz of Sif Muna (Snake:4)
  The ghost of Ciageutz the Thaumaturge, a journeyman GnWz of Sif Muna (Snake:4)
  2 deep elf sorcerers
  4 very ugly things (Abyss:2)
  A reaper (Swamp:4)
  12 ironheart preservers
  A deep elf demonologist (Vaults:2)
  7 stone giants
  A vampire knight (Vaults:2)
  4 bunyips
  Azrael (D:13)
  2 entropy weavers (Vaults:4)
  6 dire elephants (Lair:6)
  The ghost of Siddir the Blocker, a journeyman MiBe of Trog (Snake:4)
  A green death (Swamp:4)
  An eidolon (Vaults:2)
  2 ettins
  3 eleionomae
  3 fire dragons (Vaults:2)
  The ghost of Jeban the Spear-Bearer, a journeyman OpFi of Gozag (Lair:5)
  5 yaktaur captains
  Harold (D:7)
  4 great orbs of eyes
  2 shambling mangroves
  4 ice dragons
  10 hydras
  10 vault guards
  6 boulder beetles
  18 naga warriors
  Erica (Lair:2)
  2 ghost crabs (Swamp:4)
  14 anacondas
  3 catoblepae
  2 death knights
  4 centaur warriors
  11 ogre magi
  3 tengu warriors
  8 alligators
  3 deep troll shamans
  31 two-headed ogres
  8 orc high priests
  Urug (Lair:2)
  2 soul eaters (Swamp:4)
  7 shock serpents
  4 deep elf knights
  11 naga sharpshooters
  A thrashing horror (Abyss:2)
  3 sixfirhies
  2 shadow wraiths (Vaults:3)
  9 goliath frogs
  A goliath frog (shapeshifter) (Vaults:5)
  3 salamander mystics
  3 starcursed masses (Abyss:2)
  9 swamp dragons
  13 skeletal warriors
  An infernal demonspawn (Orc:2)
  3 unseen horrors (Vaults:1)
  2 gelid demonspawn (Orc:2)
  7 spriggan druids
  3 glowing orange brains
  11 deep trolls
  7 naga ritualists
  2 sea snakes (Snake:4)
  A deep elf archer (Vaults:2)
  4 flayed ghosts
  A deep troll (shapeshifter) (Vaults:3)
  3 bog bodies
  5 wizards
  2 phantasmal warriors
  15 ironbrand convokers
  2 necromancers (D:14)
  Pikel (D:5)
  18 orc knights
  A mana viper (shapeshifter) (Vaults:3)
  46 ugly things
  7 mana vipers
  8 salamanders
  3 wolf spiders
  9 manticores
  9 orc sorcerers
  10 deep elf magi
  7 will-o-the-wisps
  A salamander (shapeshifter) (Vaults:1)
  The ghost of SamuraiZach the Cudgeller, a novice TrBe of Trog (D:5)
  7 elephants (Lair:6)
  A rust devil (Orc:2)
  A moth of wrath (D:9)
  Joseph (D:8)
  12 cyclopes
  An ice statue (Lair:3)
  Maurice (D:13)
  A guardian serpent (Snake:4)
  21 naga magi
  11 vault sentinels
  An eye of devastation (Abyss:2)
  41 black mambas
  A smoke demon (Orc:2)
  5 centaur skeletons
  A cane toad (shapeshifter) (Vaults:3)
  4 orange demons
  14 cane toads
  A tormentor (Abyss:2)
  3 rime drakes
  2 kobold demonologists (D:15)
  10 komodo dragons
  An efreet (D:14)
  2 ancient zymes (Abyss:2)
  29 yaktaurs
  10 freezing wraiths
  A guardian mummy (D:11)
  3 tengu conjurers
  2 ice devils (Orc:2)
  3 hellwings (Swamp:4)
  A red devil (Orc:2)
  3 polar bears
  A wolf spider simulacrum (D:14)
  2 bloated husks
  A meliai (shapeshifter) (D:14)
  18 hornets
  A queen bee (shapeshifter) (Vaults:1)
  7 trolls
  8 tyrant leeches
  17 slime creatures
  A hornet (shapeshifter) (Vaults:2)
  14 blink frogs
  3 shadows
  A redback (Vaults:4)
  19 spriggans
  A centaur simulacrum (D:12)
  12 wraiths
  21 humans (D:14)
  2 tarantellas (shapeshifter)
  10 wyverns
  A small abomination (Abyss:2)
  A wyvern (shapeshifter) (Vaults:4)
  A basilisk (D:11)
  42 yaks
  A steam dragon (shapeshifter) (Vaults:2)
  A steam dragon (D:14)
  3 hogs
  7 vampire mosquitoes
  14 swamp worms
  14 wargs
  3 chaos spawn
  4 acid dragons
  55 nagas
  Duvessa (D:4)
  A floating eye (D:15)
  18 water moccasins
  A soldier ant (shapeshifter) (Vaults:3)
  4 hell hounds (D:13)
  12 ice beasts
  64 orc warriors
  An eye of draining (D:14)
  6 sky beasts
  2 phantoms
  31 ogres
  8 boggarts
  2 necrophages
  17 centaurs
  54 wolves
  Blork the orc (D:6)
  4 big kobolds
  17 bullfrogs
  A wyvern zombie (D:14)
  A wyvern skeleton (D:14)
  Dowan (D:4)
  4 scorpions
  16 killer bees
  6 wights (D:14)
  5 electric eels
  3 howler monkeys
  5 centaur zombies
  A bullfrog zombie (D:9)
  3 quasits
  2 jellies
  10 hounds
  44 orc priests
  Crazy Yiuf (D:4)
  2 iguanas
  31 orc wizards
  4 hell rats (Lair:6)
  11 worker ants
  4 hound skeletons
  A howler monkey zombie (D:10)
  A worker ant zombie (D:8)
  10 gnolls
  13 adders
  5 river rats (Lair:6)
  2 shadow imps
  2 white imps (Lair:3)
  An ufetubus (D:10)
  3 worms
  6 leopard geckos
  110 orcs
  4 bats
  2 giant cockroaches (D:3)
  17 goblins
  11 hobgoblins
  20 jackals
  5 quokkas
  2 ball pythons
  4 frilled lizards
  A giant cockroach zombie (D:6)
  A jackal zombie (D:5)
  33 kobolds
  A quokka skeleton (D:8)
  13 rats
1651 creatures vanquished.

Vanquished Creatures (collateral kills)
  Jory (Vaults:4)
  An ironheart preserver (Vaults:5)
  An eleionoma (Swamp:4)
  2 vault guards (Vaults:5)
  A death knight (Vaults:5)
  A phantasmal warrior (Vaults:5)
  A vault sentinel (Vaults:4)
  A tyrant leech (Swamp:4)
  A hornet (Vaults:5)
  A chaos spawn (Swamp:4)
  2 nagas (Snake:4)
13 creatures vanquished.

Vanquished Creatures (others)
  A lich (Vaults:3)
  A war gargoyle (Vaults:5)
  A very ugly thing (Abyss:2)
  Sonja (Lair:3)
  A naga ritualist (Snake:2)
  A yaktaur (Vaults:5)
  3 bloated husks
  A tyrant leech (Swamp:4)
  A spriggan (Swamp:3)
  An orc (Orc:2)
  2 briar patches (Swamp:4)
  36 foxfires
  28 fungi
  37 plants
115 creatures vanquished.

Grand Total: 1779 creatures vanquished

Notes
Turn   | Place    | Note
-------+----------+-------------------------------------------
     0 | D:1      | MalarOregon the Halfling Hunter began the quest for the
                  | Orb.
     0 | D:1      | Reached XP level 1. HP: 14/14 MP: 1/1
   256 | D:1      | Reached skill level 6 in Slings
   371 | D:1      | Reached XP level 2. HP: 19/19 MP: 2/2
   478 | D:1      | You fall into a shaft and drop 1 floor!
   896 | D:2      | Reached XP level 3. HP: 22/24 MP: 3/3
   904 | D:2      | Reached skill level 1 in Armour
  1103 | D:2      | Found a hazy altar of Hepliaklqana.
  1455 | D:2      | Found a blossoming altar of Fedhas.
  1597 | D:2      | Reached XP level 4. HP: 28/29 MP: 4/4
  2011 | D:3      | Found a glowing golden altar of the Shining One.
  2395 | D:3      | Found a stormy altar of Qazlal.
  2737 | D:1      | Reached skill level 7 in Slings
  3115 | D:3      | Reached XP level 5. HP: 35/35 MP: 5/5
  3836 | D:3      | Found a basalt altar of Yredelemnul.
  4207 | D:4      | Reached XP level 6. HP: 38/41 MP: 6/6
  4345 | D:4      | Found a runed translucent door.
  4346 | D:4      | Noticed Crazy Yiuf
  4413 | D:4      | Found a radiant altar of Vehumet.
  4434 | D:4      | Reached skill level 8 in Slings
  4689 | D:4      | Found a bloodstained altar of Trog.
  4740 | D:4      | Noticed an ogre
  4749 | D:4      | Killed an ogre
  4750 | D:4      | Reached XP level 7. HP: 46/46 MP: 7/7
  4854 | D:4      | Noticed Duvessa
  4854 | D:4      | Noticed Dowan
  4866 | D:4      | Killed Dowan
  5115 | D:4      | Reached skill level 9 in Slings
  5348 | D:4      | Killed Duvessa
  5349 | D:4      | Reached XP level 8. HP: 49/54 MP: 8/8
  5641 | D:5      | Entered Level 5 of the Dungeon
  5641 | D:5      | Found a runed translucent door.
  5899 | D:5      | Found a staircase to the Ecumenical Temple.
  5913 | Temple   | Entered the Ecumenical Temple
  6069 | D:5      | Found a sacrificial altar of Ru.
  6075 | D:5      | Noticed Pikel
  6078 | D:5      | Reached skill level 10 in Slings
  6113 | D:5      | Killed Pikel
  6114 | D:5      | Reached skill level 5 in Dodging
  6114 | D:5      | Reached XP level 9. HP: 30/59 MP: 9/9
  6512 | D:5      | Found a runed translucent door.
  6517 | D:5      | Noticed SamuraiZach's ghost (novice TrBe)
  6532 | D:5      | Reached skill level 11 in Slings
  6560 | D:5      | Reached skill level 5 in Armour
  7344 | D:6      | Found Lunaph's Magic Scroll Shoppe.
  7350 | D:6      | Bought a scroll of teleportation for 30 gold pieces
  7350 | D:6      | Bought a scroll of identify for 20 gold pieces
  7350 | D:6      | Bought a scroll of enchant armour for 75 gold pieces
  7350 | D:6      | Bought a scroll of teleportation for 30 gold pieces
  7361 | D:6      | Found Epraofy's Jewellery Boutique.
  7502 | D:6      | Found Tutwoikh's Magic Scroll Boutique.
  7502 | D:6      | Noticed Blork the orc
  7510 | D:6      | Killed Blork the orc
  7521 | D:6      | Bought a scroll of remove curse for 39 gold pieces
  7521 | D:6      | Bought a scroll of identify for 26 gold pieces
  7521 | D:6      | Bought a scroll of remove curse for 39 gold pieces
  7521 | D:6      | Bought a scroll of identify for 26 gold pieces
  7585 | D:6      | Found a broken altar of Ashenzari.
  7586 | D:6      | Found a shimmering altar of Xom.
  7704 | D:6      | Found Uhibifah's Antique Armour Emporium.
  7743 | D:6      | Found Qoseocw's Distillery.
  7847 | D:6      | Reached skill level 5 in Fighting
  7888 | D:6      | You fall into a shaft and drop 2 floors!
  8509 | D:7      | Found a shimmering blue altar of Sif Muna.
  8586 | D:6      | Bought a scroll of teleportation for 39 gold pieces
  8605 | D:7      | Reached skill level 12 in Slings
  8615 | D:7      | Reached skill level 1 in Shields
  8843 | D:7      | Found an iron altar of Okawaru.
  8864 | D:7      | Became a worshipper of Warmaster Okawaru
  8916 | D:7      | Noticed Harold
  8961 | D:7      | Killed Harold
  8961 | D:7      | Reached * piety under Okawaru
  8962 | D:7      | Reached XP level 10. HP: 64/67 MP: 7/10
  8974 | D:7      | Reached skill level 13 in Slings
  9203 | D:7      | Found a shadowy altar of Dithmenos.
  9359 | D:7      | Reached ** piety under Okawaru
  9650 | D:7      | Found the +5 scythe "Finisher" {speed, eviscerate}
 10139 | D:8      | Noticed Joseph
 10151 | D:8      | Killed Joseph
 10168 | D:8      | Found a blossoming altar of Fedhas.
 10267 | D:8      | Found a staircase to the Lair.
 10302 | D:8      | Reached *** piety under Okawaru
 10323 | D:8      | Found a bloodstained altar of Trog.
 10482 | D:8      | Noticed a manticore
 10498 | D:8      | Killed a manticore
 10499 | D:8      | Reached skill level 14 in Slings
 10499 | D:8      | Reached XP level 11. HP: 20/73 MP: 11/11
 11511 | D:9      | Noticed a two-headed ogre
 11567 | D:9      | Noticed a moth of wrath
 11567 | D:9      | a two-headed ogre changed into a moth of wrath
 11580 | D:9      | Killed a moth of wrath
 12265 | D:6      | Bought a scroll of summoning for 123 gold pieces
 12265 | D:6      | Bought a scroll of magic mapping for 45 gold pieces
 12268 | D:6      | Learned a level 2 spell: Blink
 12271 | D:6      | Learned a level 2 spell: Call Imp
 12275 | D:6      | Learned a level 3 spell: Mephitic Cloud
 12359 | D:10     | Entered Level 10 of the Dungeon
 12630 | D:10     | Reached skill level 1 in Translocations
 12630 | D:10     | Reached skill level 1 in Invocations
 12639 | D:10     | Reached skill level 1 in Air Magic
 12639 | D:10     | Reached skill level 1 in Poison Magic
 12639 | D:10     | Reached skill level 1 in Evocations
 12653 | D:10     | Reached **** piety under Okawaru
 12673 | D:10     | Received a gift from Okawaru
 13003 | D:10     | Noticed a two-headed ogre
 13005 | D:10     | a two-headed ogre changed into a boggart
 13104 | D:10     | Reached skill level 1 in Conjurations
 13191 | D:10     | Noticed a manticore
 13212 | D:10     | Killed a manticore
 13213 | D:10     | Reached skill level 1 in Summonings
 13458 | D:10     | Reached skill level 5 in Shields
 13817 | D:10     | Received a gift from Okawaru
 13850 | D:11     | Noticed a manticore
 13864 | D:10     | Killed a manticore
 14035 | D:11     | Found a flagged portal.
 14188 | Bailey   | Entered a bailey
 14276 | Bailey   | Noticed an orc warlord
 14463 | Bailey   | Found a runed translucent gate.
 14465 | Bailey   | Found a runed translucent gate.
 14466 | Bailey   | Found a runed translucent gate.
 14981 | Bailey   | Killed an orc warlord
 14981 | Bailey   | Received a gift from Okawaru
 14981 | Bailey   | Reached ***** piety under Okawaru
 14981 | Bailey   | Received a gift from Okawaru
 14982 | Bailey   | Reached XP level 12. HP: 71/80 MP: 13/13
 15279 | D:11     | Noticed a two-headed ogre
 15346 | D:11     | Killed a two-headed ogre
 15484 | D:11     | Received a gift from Okawaru
 15928 | D:11     | Received a gift from Okawaru
 16104 | D:11     | Found a portal to a secret trove of treasure.
 16159 | D:11     | Reached skill level 10 in Shields
 16159 | D:11     | Reached XP level 13. HP: 86/86 MP: 15/15
 16179 | D:12     | Noticed a boulder beetle
 16367 | D:12     | Killed a boulder beetle
 16454 | D:12     | Reached skill level 15 in Slings
 16531 | D:12     | Found a staircase to the Orcish Mines.
 17003 | D:12     | Reached ****** piety under Okawaru
 17068 | D:12     | Reached XP level 14. HP: 92/92 MP: 17/17
 17185 | D:12     | Received a gift from Okawaru
 17650 | Lair:1   | Entered Level 1 of the Lair of Beasts
 18511 | Lair:2   | Noticed Erica
 18519 | Lair:2   | Killed Erica
 18631 | Lair:2   | Noticed Urug
 18640 | Lair:2   | Killed Urug
 18943 | Lair:2   | Received a gift from Okawaru
 19223 | Lair:2   | Found a staircase to the Swamp.
 19229 | Lair:2   | Reached skill level 5 in Invocations
 19373 | Lair:3   | Noticed Sonja
 19382 | Lair:3   | Killed Sonja
 19383 | Lair:3   | Reached skill level 5 in Translocations
 20374 | Lair:3   | Got a glimmering flail
 20603 | Lair:4   | Found a staircase to the Snake Pit.
 20627 | Lair:4   | Reached skill level 5 in Poison Magic
 20677 | Lair:4   | Noticed Kirke
 20681 | Lair:4   | Reached skill level 5 in Evocations
 21137 | Lair:4   | Killed Kirke
 21138 | Lair:4   | Reached XP level 15. HP: 99/99 MP: 19/19
 21722 | Lair:4   | Reached skill level 5 in Air Magic
 22253 | Lair:5   | Received a gift from Okawaru
 22771 | Lair:5   | Found a viscous altar of Jiyva.
 22772 | Lair:5   | Found a staircase to the Slime Pits.
 22842 | Lair:5   | Found a runed translucent door.
 22842 | Lair:5   | Noticed Jeban's ghost (journeyman OpFi)
 23305 | Lair:5   | Killed Jeban's ghost
 23347 | Lair:5   | Learned a level 4 spell: Summon Lightning Spire
 23383 | Lair:6   | Entered Level 6 of the Lair of Beasts
 24130 | Lair:6   | Reached skill level 10 in Dodging
 24564 | Lair:6   | Reached skill level 16 in Slings
 25616 | Lair:6   | Received a gift from Okawaru
 25617 | Lair:6   | Reached skill level 5 in Conjurations
 26006 | Lair:6   | Received a gift from Okawaru
 26007 | Lair:6   | Reached XP level 16. HP: 106/106 MP: 20/20
 26043 | Lair:6   | Identified a scroll of acquirement
 26045 | Lair:6   | Got a distressingly furry scale mail {god gift}
 26056 | Lair:6   | Identified the +1 scale mail "Patto" {*Contam rPois Str+5
                  | SInv} (Okawaru gifted it to you on level 6 of the Lair of
                  | Beasts)
 26416 | D:13     | Found a flickering gateway to a bazaar.
 26431 | Bazaar   | Entered a bazaar
 26431 | Bazaar   | Found Mudujur's General Store.
 26438 | Bazaar   | Found Qegid's Antique Weapon Boutique.
 26446 | Bazaar   | Found Fougubed's Antique Armour Boutique.
 26457 | Bazaar   | Found Punt's Gadget Emporium.
 26473 | Bazaar   | Found Pygupeave's Magic Scroll Shop.
 26502 | Bazaar   | Bought a fine leather armour for 98 gold pieces
 26502 | Bazaar   | Bought an ancient chain mail for 133 gold pieces
 26502 | Bazaar   | Identified the cursed +0 chain mail of the Monk {rF+} (You
                  | bought it in a shop in a bazaar)
 26504 | Bazaar   | Identified the +1 leather armour "Hidurph" {*Contam rC+
                  | rN+} (You bought it in a shop in a bazaar)
 26521 | Bazaar   | Bought a scroll of summoning for 85 gold pieces
 26521 | Bazaar   | Bought a wand of acid (12) for 288 gold pieces
 26521 | Bazaar   | Bought a scroll of identify for 18 gold pieces
 26521 | Bazaar   | Bought a scroll of enchant armour for 67 gold pieces
 26539 | Bazaar   | Bought a wand of iceblast (9) for 182 gold pieces
 26539 | Bazaar   | Bought a wand of enslavement (8) for 140 gold pieces
 26583 | D:13     | Noticed Rupert
 26600 | D:13     | Killed Rupert
 26601 | D:13     | Reached skill level 10 in Armour
 26675 | D:13     | Noticed Azrael
 26683 | D:13     | Killed Azrael
 27195 | D:13     | Acquired a +0 fustibalus of flaming
 27212 | D:13     | Noticed Maurice
 27220 | D:13     | Killed Maurice
 28259 | D:14     | Identified the Volume of Combat Magic and Snow
 28637 | D:14     | Reached skill level 5 in Summonings
 28944 | D:14     | Found a gate to the Vaults.
 28980 | D:14     | Cast into level 2 of the Abyss (a wizard)
 29307 | Abyss:2  | HP: 5/107 [balrug/fireball (23)]
 29458 | Abyss:2  | Received a gift from Okawaru
 29794 | D:14     | Escaped the Abyss
 30354 | D:14     | Reached skill level 10 in Fighting
 30354 | D:14     | Reached XP level 17. HP: 115/115 MP: 22/22
 30401 | D:15     | Entered Level 15 of the Dungeon
 30631 | D:15     | Found an opulent altar of Gozag.
 30719 | D:14     | Reached XP level 18. HP: 80/122 MP: 3/23
 30987 | D:14     | Received a gift from Okawaru
 32036 | D:15     | Found a staircase to the Depths.
 32346 | D:15     | Identified the +5 ring mail "Ynity" {Dex+3} (You found it
                  | on level 15 of the Dungeon)
 32788 | Orc:1    | Entered Level 1 of the Orcish Mines
 33730 | Orc:1    | Found Nourug's Distillery.
 33738 | Orc:1    | Bought a potion of curing for 48 gold pieces
 33738 | Orc:1    | Bought a potion of curing for 48 gold pieces
 33738 | Orc:1    | Bought 2 potions of curing for 96 gold pieces
 33816 | Orc:2    | Entered Level 2 of the Orcish Mines
 33822 | Orc:2    | Noticed Sassenached's ghost (journeyman DsWn)
 33886 | Orc:2    | Found a staircase to the Elven Halls.
 33973 | Orc:2    | Found a runed translucent gate.
 33980 | Orc:2    | Found a runed translucent gate.
 33980 | Orc:2    | Found a runed translucent gate.
 34409 | Orc:2    | Received a gift from Okawaru
 35173 | Orc:2    | Killed Sassenached's ghost
 35358 | Orc:2    | Received a gift from Okawaru
 35524 | Orc:2    | Reached skill level 17 in Slings
 35527 | Orc:2    | Found Vur Othu's Magic Scroll Shoppe.
 35534 | Orc:2    | Found Wazis's General Store.
 35572 | Orc:2    | Bought a scroll of enchant weapon for 105 gold pieces
 36404 | Orc:2    | Found Unuowux's Gadget Shop.
 36404 | Orc:2    | Found Puepted's Antique Weapon Boutique.
 36405 | Orc:2    | Found a one-way gate leading to the halls of Pandemonium.
 36855 | D:4      | Found a bloodstained altar of Trog.
 36921 | D:4      | Found a radiant altar of Vehumet.
 37235 | D:4      | Found a runed translucent door.
 37401 | D:4      | Killed Crazy Yiuf
 37573 | D:5      | Found a staircase to the Ecumenical Temple.
 37780 | D:5      | Found a sacrificial altar of Ru.
 37931 | D:5      | Killed SamuraiZach's ghost
 38205 | Snake:1  | Entered Level 1 of the Snake Pit
 38262 | Snake:1  | You fall into a shaft and drop 1 floor!
 38373 | Snake:2  | Found a shimmering altar of Xom.
 38534 | Snake:1  | Reached XP level 19. HP: 44/128 MP: 23/25
 39144 | Snake:1  | Noticed Roxanne
 39783 | Snake:1  | Received a gift from Okawaru
 40255 | Snake:1  | Killed Roxanne
 40860 | Snake:2  | Received a gift from Okawaru
 41770 | Snake:2  | Reached skill level 18 in Slings
 41867 | Snake:2  | Found Puren's Distillery.
 41885 | Snake:2  | Bought a potion of curing for 51 gold pieces
 41885 | Snake:2  | Bought a potion of heal wounds for 85 gold pieces
 41885 | Snake:2  | Bought a potion of heal wounds for 85 gold pieces
 43805 | Snake:4  | Entered Level 4 of the Snake Pit
 43884 | Snake:4  | Found a runed translucent gate.
 43885 | Snake:4  | Found a runed translucent gate.
 43885 | Snake:4  | Found a runed translucent gate.
 43885 | Snake:4  | Noticed Siddir's ghost (journeyman MiBe)
 43886 | Snake:4  | Noticed funkygono's ghost (adept MiGl)
 43886 | Snake:4  | Noticed vinnietd's ghost (adept HaFi)
 43887 | Snake:4  | Noticed Ciageutz's ghost (journeyman GnWz)
 43887 | Snake:4  | Noticed Ciageutz's ghost (journeyman GnWz)
 44086 | Snake:4  | Received a gift from Okawaru
 44181 | Snake:4  | Reached XP level 20. HP: 111/136 MP: 26/26
 44259 | Snake:4  | Acquired a +1 pair of boots of running
 44405 | Snake:4  | Got a brightly glowing lajatang {god gift}
 45387 | Snake:4  | Received a gift from Okawaru
 45859 | Snake:4  | Reached skill level 10 in Evocations
 45936 | Snake:4  | Got a serpentine rune of Zot
 46339 | Snake:4  | Killed funkygono's ghost
 46746 | Snake:4  | Killed Ciageutz's ghost
 46772 | Snake:4  | Killed Ciageutz's ghost
 47046 | Snake:4  | Killed vinnietd's ghost
 47046 | Snake:4  | Received a gift from Okawaru
 47595 | Snake:4  | Killed Siddir's ghost
 48284 | Swamp:1  | Entered Level 1 of the Swamp
 49155 | Swamp:1  | Reached skill level 19 in Slings
 49165 | Swamp:1  | Got a masterwork mace
 50368 | Swamp:2  | Noticed Frances
 50389 | Swamp:2  | Killed Frances
 52501 | Swamp:2  | Reached XP level 21. HP: 144/144 MP: 27/27
 53575 | Swamp:4  | Entered Level 4 of the Swamp
 53815 | Swamp:4  | Received a gift from Okawaru
 53931 | Swamp:4  | Received a gift from Okawaru
 55930 | Swamp:4  | Reached skill level 15 in Shields
 56438 | Swamp:4  | Got a heavily runed helmet
 56439 | Swamp:4  | Identified the +0 helmet "Moddaud" {SInv} (You found it on
                  | level 4 of the Swamp)
 56546 | Swamp:4  | Got a decaying rune of Zot
 57257 | D:6      | Bought a scorched chain mail for 209 gold pieces
 57257 | D:6      | Identified the +3 chain mail of the Sunfish {Will+ Dex-3
                  | Slay+5} (You bought it in a shop on level 6 of the Dungeon)
 57316 | D:6      | Bought an uncursed ring of poison resistance for 260 gold
                  | pieces
 57353 | D:6      | Bought a potion of curing for 39 gold pieces
 57353 | D:6      | Bought a potion of curing for 39 gold pieces
 57353 | D:6      | Bought 2 potions of curing for 78 gold pieces
 57353 | D:6      | Bought a potion of lignification for 39 gold pieces
 57353 | D:6      | Bought a potion of lignification for 39 gold pieces
 57353 | D:6      | Bought 2 potions of heal wounds for 130 gold pieces
 57525 | D:11     | You paid a toll of 19 potions of curing to enter a treasure
                  | trove
 57526 | Trove    | Entered a treasure trove
 57537 | Trove    | Identified Sif Muna's Volume of Confrontation
 57550 | Trove    | Identified Sif Muna's Handbook of Weightlessness
 57564 | Trove    | Identified Sif Muna's Handbook of Shape Shifting and Flames
 57584 | Trove    | Identified the Reference Book on the Hurtful Escort
 57587 | Trove    | Identified the Volume of Aerial Shape Shifting
 57615 | D:11     | Learned a level 5 spell: Summon Forest
 57734 | Vaults:1 | Entered Level 1 of the Vaults
 58459 | Vaults:1 | Received a gift from Okawaru
 58505 | Vaults:1 | Reached XP level 22. HP: 113/152 MP: 23/28
 58639 | Vaults:1 | Found Desoch's Book Emporium.
 58696 | Vaults:1 | Received a gift from Okawaru
 59111 | Vaults:1 | Received a gift from Okawaru
 59112 | Vaults:1 | Reached skill level 20 in Slings
 59386 | Vaults:1 | Received a gift from Okawaru
 59859 | Vaults:1 | Acquired the ring "Vetolij" {Fire +Blink Will+}
 60730 | Vaults:2 | Found a staircase to the Crypt.
 61092 | Vaults:2 | Received a gift from Okawaru
 63026 | Vaults:2 | Reached XP level 23. HP: 158/158 MP: 29/29
 64282 | Vaults:3 | Noticed Nikola
 64297 | Vaults:3 | Killed Nikola
 64569 | Vaults:3 | Received a gift from Okawaru
 65026 | Vaults:3 | Reached skill level 10 in Translocations
 65917 | Vaults:3 | Reached skill level 15 in Dodging
 66438 | Vaults:3 | Received a gift from Okawaru
 67352 | Vaults:4 | Reached skill level 15 in Armour
 68107 | Vaults:4 | Received a gift from Okawaru
 68112 | Vaults:4 | Identified the +5 short sword "Zinuhyeq" {vorpal, +Blink
                  | rC++ Dex-2}
 68365 | Vaults:4 | Reached skill level 21 in Slings
 68431 | Vaults:4 | Noticed Jory
 68446 | Vaults:4 | Killed Jory
 68989 | Vaults:4 | Received a gift from Okawaru
 69151 | Vaults:4 | Found Loegacem's Antique Armour Shop.
 69375 | Vaults:4 | Reached XP level 24. HP: 165/165 MP: 29/29
 69573 | Vaults:4 | Received a gift from Okawaru
 69788 | Vaults:5 | Entered Level 5 of the Vaults
 69799 | Vaults:5 | Noticed Xtahua
 69851 | Vaults:5 | Was placed under penance by Okawaru
 69953 | Vaults:5 | Mangled by a phantasmal warrior

Illustrated notes

Levels and vault maps discovered:
D:1:      minmay_arrival_five_plusses, layout_loops_ring
D:2:      layout_loops_ring, overflow_temple_1_default, fedhas_altar_fruit_tree
D:3:      layout_loops_corners, old_standard_altar,
          nicolae_overflow_hidden_temple, marbit_many_paths
D:4:      layout_loops_ring, lemuel_crystal_altar, lemuel_doored_altar,
          cheibrodos_gnoll_hut, uniq_duvessa, uniq_crazy_yiuf_cottage
D:5:      layout_loops_cross, nicolae_ru_sacrificial_ziggurat,
          minmay_temple_entry_gardened_gates, ebering_ghost_sewer_f, uniq_pikel
D:6:      layout_loops_corners, gammafunk_temple_overflow_pools, serial_shops,
          shop, shop_coins, shop, shop, shop, uniq_blork_the_orc
D:7:      layout_loops_cross, lemuel_round_altar, okawaru_gym_becter,
          kennysheep_mini_moat, minmay_guarded_unrand_finisher, uniq_harold
D:8:      layout_cave_pools, lair_entry_dummy, serial_column_ruins,
          column_ruins_hut, column_ruins_temple_circle,
          column_ruins_columns_corner, column_ruins_open_medium,
          column_ruins_open_medium, minmay_holes, lemuel_tele_altar, uniq_joseph
D:9:      layout_loops_corners
D:10:     layout_loops_cross
D:11:     layout_rooms, enter_bailey_5, nicolae_trove_entry_path_of_doom
D:12:     layout_loops_ring, erik_orc_3, special_room [special_room_orc]
D:13:     layout_cave_pods, serial_shops, bzr_entry_gold, uniq_maurice,
          uniq_azrael, uniq_rupert
D:14:     layout_irregular_city, grunt_vaults_entry_tiered, minivault_26,
          minmay_increasing_density
D:15:     hangedman_depths_entry_civil_slaughter, layout_rooms,
          nicolae_gozag_seed_capital
Temple:   eino_temple_lava
Lair:1:   layout_big_grid, chequers_serial_rivers_micro_a,
          infiniplex_staircase_pool_2, lemuel_fruit_tree
Lair:2:   layout_hall_layers, nicolae_swamp_entry_splash_gauntlet,
          beast_lair_carwin_2, grunt_megastairs_3, uniq_erica, uniq_urug
Lair:3:   layout_regular_city, ice2_lemuel, uniq_sonja
Lair:4:   layout_gridlike, guppyfry_snake_entry_island,
          grunt_forest_large_clearings, uniq_kirke
Lair:5:   nzn_motion_control, layout_concentric_octagons, slime_altar_1,
          ebering_ghost_inner_flame, serial_bayou_lagoon_b
Lair:6:   due_jungle_book, layout_cave_pods, kennysheep_abandoned_house
Swamp:1:  layout_basic_swamp, evilmike_swamp_ruin_wall, swamp_pool4,
          nicolae_swamp_trees_clearing
Swamp:2:  layout_falls_marsh, evilmike_swamp_ruin_house_2, uniq_frances
Swamp:3:  layout_falls_marsh, evilmike_swamp_ruin_rubble_1, swamp_pool1,
          kb_tengu_band
Swamp:4:  nzn_swamp_witches_coven, layout_basic_swamp,
          nicolae_swamp_little_tower, infiniplex_staircase_pool
Snake:1:  layout_basic, special_room, uniq_roxanne
Snake:2:  hangedman_cross_veins, layout_rooms, serial_shops, shop_fountains,
          basic_altar
Snake:3:  layout_onion_interference
Snake:4:  minmay_snake_end_coiled, layout_cave_town, gammafunk_ghost_cemetery,
          hangedman_corner_corridor, serial_bayou_shore_a
Orc:1:    layout_caves, serial_shops, nicolae_shop_competitors_out_of_business,
          guppyfry_orc_lava_fort
Orc:2:    pf_orc_diabolical, layout_diamond_mine, gammafunk_ghost_split,
          mines5_lemuel
Vaults:1: ontoclasm_vaults_ring_large, vaults_mumra_hexcomb,
          nicolae_vaults_border_crossing, v_alt_pattern_5,
          nicolae_vaults_asterisk, nicolae_vaults_fighting_squares, v_misc_8,
          v_misc_29, vaults_room_ringed_pool, nicolae_vaults_network_quinsquares
          [nicolae_vaults_network_quincunx_subvault,
          nicolae_vaults_network_quincunx_subvault,
          nicolae_vaults_network_quincunx_subvault,
          nicolae_vaults_network_quincunx_subvault], v_misc_4,
          ontoclasm_vaults_tryst, layout_vaults_maze, serial_shops, shop
Vaults:2: hangedman_vaults_locks, ontoclasm_vaults_pinch,
          hangedman_vaults_corner_blocks, minmay_crypt_entry_simple_round,
          grunt_vaults_diagonal, v_alt_pattern_2, hangedman_vaults_river_flow,
          v_misc_2, nicolae_vaults_network_s, hangedman_vaults_restitches,
          v_alt_pattern_1, layout_vaults_omnibox
Vaults:3: v_misc_1, st_lines, vaults_room_stairs_pillars, v_misc_28,
          nicolae_vaults_rhombus_5, grunt_vaults_funnel, vaults_room_hallway,
          v_rooms_3, ontoclasm_vaults_gateway, v_misc_17,
          layout_vaults_big_room, uniq_nikola
Vaults:4: ontoclasm_vaults_claustrophobia, v_misc_14, dpeg_vaults_monster_row,
          nicolae_vaults_circle_grid_b, grunt_vaults_trifunnel, v_misc_24,
          nicolae_vaults_little_squares_5, v_misc_4, vaults_room_hallway,
          nicolae_vaults_ring_of_whatevers, vaults_mumra_chevron_long,
          st_spiral_rooms, v_rooms_2, hangedman_vaults_nails, vaults_dpeg_ring,
          layout_vaults_ring, serial_shops, shop, uniq_jory
Vaults:5: serial_shops, uniq_mara, uniq_xtahua, uniq_boris

Skill      XL: |  1  2  3  4  5  6  7  8  9 10 11 12 13 14 15 16 17 18 19 20 21 22 23 24 |
---------------+-------------------------------------------------------------------------+-----
Slings         | 6 7 8 9 10 12 14 15 16 17 18 19 20 21 | 21.2
Fighting       | 2 3 4 5 6 7 8 10 11 12 13 14 | 14.0
Armour         | 1 2 3 4 6 7 8 9 10 11 12 13 14 15 | 15.3
Dodging        | 3 4 5 6 7 8 9 10 11 12 13 14 15 | 15.4
Shields        | 2 4 5 10 11 12 13 14 15 16 | 16.3
Translocations | 2 3 4 5 6 7 8 9 10 | 10.8
Invocations    | 2 3 4 5 6 7 8 |  8.0
Air Magic      | 2 3 4 5 6 7 |  7.0
Poison Magic   | 2 3 5 6 7 |  7.0
Evocations     | 2 3 5 6 8 9 10 11 12 | 12.9
Conjurations   | 1 2 3 4 5 6 |  6.0
Summonings     | 1 2 3 4 5 6 7 8 |  8.3
Stealth        | |  1.1

Action                   |  1- 3 |  4- 6 |  7- 9 | 10-12 | 13-15 | 16-18 | 19-21 | 22-24 || total
-------------------------+-------+-------+-------+-------+-------+-------+-------+-------++-------
Melee: Short sword       |   112 |   171 |     2 |    11 |       |       |       |       ||   296
       Unarmed           |       |       |       |       |     2 |     1 |       |       ||     3
       Hunting sling     |       |       |       |       |    40 |       |       |       ||    40
       Fustibalus        |       |       |       |       |       |       |       |     1 ||     1
 Fire: Hunting sling     |     4 |    73 |   426 |   892 |  1394 |    71 |       |       ||  2860
       Fustibalus        |       |       |       |       |       |  2050 |  2755 |  1871 ||  6676
Throw: Throwing net      |       |       |     1 |       |       |       |       |       ||     1
       Dart              |       |       |     7 |    21 |       |       |       |       ||    28
 Cast: Blink             |       |       |       |       |       |     2 |     3 |     1 ||     6
       Summon Lightning  |       |       |       |       |       |       |     9 |     1 ||    10
       Mephitic Cloud    |       |       |       |       |       |       |     5 |       ||     5
Invok: Heroism           |       |       |       |     2 |     2 |    11 |    26 |    12 ||    53
       Finesse           |       |       |       |       |       |     2 |     3 |     2 ||     7
 Abil: Evoke Flight      |       |       |       |     4 |     2 |       |       |       ||     6
Evoke: Wand              |       |       |     7 |    15 |    19 |    25 |    19 |     9 ||    94
       Lightning rod     |       |       |       |     4 |     4 |     4 |       |       ||    12
       Box of beasts     |       |       |       |       |       |       |     3 |     1 ||     4
       Phantom mirror    |       |       |       |       |       |       |       |     1 ||     1
  Use: Scroll            |       |    17 |     1 |    21 |     2 |    24 |    15 |    17 ||    97
       Potion            |       |       |     1 |     2 |       |     4 |    11 |     9 ||    27
 Stab: Sleeping          |     1 |     5 |       |       |       |       |       |       ||     6
Armor: Leather armour    |    21 |    52 |    30 |    39 |    55 |   146 |   210 |       ||   553
       Skin              |       |       |     8 |    12 |       |       |       |       ||    20
       Chain mail        |       |       |       |       |       |       |    14 |    82 ||    96
       Fire dragon scale |       |       |       |       |       |       |       |    98 ||    98
Dodge: Dodged            |    75 |   214 |   109 |   162 |   179 |   402 |   624 |   288 ||  2053
Block: Kite shield       |       |       |    24 |   247 |   438 |  1085 |  1575 |   844 ||  4213
       Reflection        |       |       |       |    24 |    21 |    52 |   123 |    66 ||   286
       Other             |       |       |       |       |     3 |       |       |       ||     3
